 Dungeon Crawl Stone Soup version 0.31-a0-538-gbc85326fa9 (webtiles) character file.

Game seed: 2347777494363750442

172 cforsyth the Charlatan (level 5, 0/41 HPs)
             Began as a Gnoll Artificer on Aug 13, 2023.
             Slain by an iguana (8 damage)
             ... on level 4 of the Dungeon.
             The game lasted 00:04:00 (3004 turns).

cforsyth the Charlatan (Gnoll Artificer)            Turns: 3004, Time: 00:04:01

Health: 0/41       AC:  4    Str: 12    XL:     5   Next: 52%
Magic:  7/7        EV: 12    Int: 12    God:
Gold:   124        SH:  0    Dex: 14    Spells: 7/7 levels left

rFire   . . .        q - +5 spear of True Grit {heavy, Dex+2 SInv}
rCold   . . .        (no shield)
rNeg    . . .        b - +0 leather armour
rPois   .            (no helmet)
rElec   .            l - +0 cloak
rCorr   .            (no gloves)
SInv    +            (no boots)
Will    .....        (no amulet)
Stlth   ++           (no ring)
HPRegen 0.26/turn    (no ring)
MPRegen 0.10/turn

%: no passive effects
@: no status effects
A: fangs 1, strong nose, distributed training
a: no special abilities


You were on level 4 of the Dungeon.
You visited 1 branch of the dungeon, and saw 4 of its levels.

You collected 124 gold pieces.

Inventory:

Hand Weapons
 a - a +0 club
 i - a +0 short sword of electrocution
 q - the +5 spear of True Grit (weapon) {heavy, Dex+2 SInv}
   (You found it on level 3 of the Dungeon)

   Dex+2:     It affects your dexterity (+2).
   SInv:      It lets you see invisible.
Missiles
 h - 4 poisoned darts
Armour
 b - a +0 leather armour (worn)
 l - a +0 cloak (worn)
Wands
 c - a wand of flame (7) (quivered)
 d - a wand of charming (15)
 e - a wand of iceblast (5)
Scrolls
 f - 2 scrolls of immolation {unknown}
 g - a scroll of fog {unknown}
 j - a scroll of identify {unknown}
 k - a scroll of brand weapon {unknown}
 m - a scroll of teleportation {unknown}
 n - a scroll of fear {unknown}
 r - a scroll of revelation {unknown}
Potions
 o - a potion of degeneration {unknown}
 p - a potion of berserk rage {unknown}


   Skills:
 + Level 3.0 Fighting
 + Level 1.5 Short Blades
 + Level 1.5 Long Blades
 + Level 1.5 Axes
 + Level 1.5 Maces & Flails
 + Level 1.5 Polearms
 + Level 1.5 Staves
 + Level 1.5 Ranged Weapons
 + Level 1.5 Throwing
 + Level 4.8 Armour
 + Level 3.0 Dodging
 + Level 2.8 Stealth
 + Level 1.5 Shields
 + Level 1.5 Unarmed Combat
 + Level 1.5 Spellcasting
 + Level 1.2 Conjurations
 + Level 1.2 Hexes
 + Level 1.2 Summonings
 + Level 1.2 Necromancy
 + Level 1.2 Translocations
 + Level 1.2 Transmutations
 + Level 1.2 Fire Magic
 + Level 1.2 Ice Magic
 + Level 1.2 Air Magic
 + Level 1.2 Earth Magic
 + Level 1.2 Poison Magic
 + Level 1.7 Invocations
 + Level 6.7 Evocations
 + Level 1.2 Shapeshifting


You had 7 spell levels left.
You didn't know any spells.
Your spell library contained the following spells:

 Spells                   Type           Power      Damage    Failure   Level
 Apportation              Tloc           6%         N/A       22%         1
 Freeze                   Ice            12%        1d3       22%         1
 Kiss of Death            Conj/Necr      12%        2d6       22%         1
 Necrotise                Necr           12%        1d4       22%         1
 Shock                    Conj/Air       12%        1d3       22%         1
 Summon Small Mammal      Summ           12%        N/A       22%         1
 Confusing Touch          Hex            3%         N/A       54%         3
 Frozen Ramparts          Ice            6%         1d1       54%         3
 Hailstorm                Conj/Ice       3%         3d3       54%         3
 Swiftness                Air            3%         N/A       54%         3
 Airstrike                Air            1%         2d(1-17)  91%         4
 Dispel Undead            Necr           3%         3d7       91%         4


Dungeon Overview and Level Annotations

Branches:
Dungeon (4/15)
 Temple: D:4-7

Altars:
Gozag

Shops:
D:2 (

Annotations:
D:4 Pikel


Innate Abilities, Weirdness & Mutations

You have very sharp teeth.
Your uncanny sense of smell can sniff out nearby items.
Your experience applies equally to all skills.


Message History

Things that are here:
a +0 hand axe; a +0 chain mail You see here an adder skeleton.
An iguana comes into view.
Found a ring mail.
The iguana moves out of view.
The iguana hisses angrily.
An iguana is nearby!
An orc comes into view. It is wielding a +0 dagger.
An orc comes into view. It is wielding a +0 mace.
You reach to attack!
You puncture the iguana!
The iguana is heavily wounded.
A lemure comes into view.
The iguana bites you!
The lemure moves out of view.
The iguana attacks as you move away!
The iguana bites you but does no damage.
The iguana attacks as you move away! The iguana bites you.
You hit the iguana but do no damage.
The iguana is heavily wounded.
The iguana barely misses you.
You closely miss the iguana.
The iguana is heavily wounded.
The iguana bites you. The iguana closely misses you.
You puncture the iguana!
The iguana is almost dead.
The orc hits you but does no damage. x2; The iguana bites you!
* * * LOW HITPOINT WARNING * * *
You are too injured to fight recklessly!
You are too injured to fight recklessly!
You are too injured to fight recklessly!
You are too injured to fight recklessly!
You are too injured to fight recklessly!
You are too injured to fight recklessly!
You are too injured to fight recklessly!
You are too injured to fight recklessly!
You closely miss the iguana.
The iguana is almost dead.
The orc hits you with a +0 dagger.
* * * LOW HITPOINT WARNING * * *
The orc hits you but does no damage. The iguana bites you!
You die...

###.>...######..#######
#.....# #....# #.....#
#.##.##### #.....#
#)........ #.....#
#..#...... #.....#
#รท.#.##### ##..###
#..#..... ##.....##
##...@o..##
##...ol....##
.#...(.......##
#...........$..#
#...............
#................
....>............
....[............
.................


You could see an iguana and 2 orcs.

Vanquished Creatures
  A lemure (D:3)
  An orc priest (D:3)
  An orc wizard (D:3)
  4 adders
  8 orcs
  11 ball pythons
  A bat (D:1)
  4 endoplasms
  4 giant cockroaches
  5 hobgoblins
  9 jackals
  A quokka (D:1)
  5 frilled lizards
  5 goblins
  4 kobolds
  8 rats
72 creatures vanquished.

Notes
Turn   | Place    | Note
-------+----------+-------------------------------------------
     0 | D:1      | cforsyth the Gnoll Artificer began the quest for the Orb.
     0 | D:1      | Reached XP level 1. HP: 17/17 MP: 1/1
   177 | D:1      | Reached XP level 2. HP: 23/23 MP: 2/2
   597 | D:1      | Reached XP level 3. HP: 28/28 MP: 3/3
   681 | D:1      | Found a faded altar of an unknown god.
  1054 | D:2      | Reached skill level 1 in Invocations
  1095 | D:2      | Found an opulent altar of Gozag.
  1206 | D:2      | Found Hyinoipauck's Weapon Shoppe.
  1425 | D:2      | Reached skill level 1 in Short Blades
  1425 | D:2      | Reached skill level 1 in Long Blades
  1425 | D:2      | Reached skill level 1 in Axes
  1425 | D:2      | Reached skill level 1 in Maces & Flails
  1425 | D:2      | Reached skill level 1 in Polearms
  1425 | D:2      | Reached skill level 1 in Staves
  1425 | D:2      | Reached skill level 1 in Ranged Weapons
  1425 | D:2      | Reached skill level 1 in Throwing
  1425 | D:2      | Reached skill level 1 in Shields
  1425 | D:2      | Reached skill level 1 in Unarmed Combat
  1425 | D:2      | Reached skill level 1 in Spellcasting
  1429 | D:2      | Reached XP level 4. HP: 27/34 MP: 5/5
  2035 | D:3      | Reached skill level 1 in Conjurations
  2035 | D:3      | Reached skill level 1 in Hexes
  2035 | D:3      | Reached skill level 1 in Summonings
  2035 | D:3      | Reached skill level 1 in Necromancy
  2035 | D:3      | Reached skill level 1 in Translocations
  2035 | D:3      | Reached skill level 1 in Transmutations
  2035 | D:3      | Reached skill level 1 in Fire Magic
  2035 | D:3      | Reached skill level 1 in Ice Magic
  2035 | D:3      | Reached skill level 1 in Air Magic
  2035 | D:3      | Reached skill level 1 in Earth Magic
  2035 | D:3      | Reached skill level 1 in Poison Magic
  2035 | D:3      | Reached skill level 1 in Shapeshifting
  2053 | D:3      | Reached XP level 5. HP: 14/40 MP: 5/7
  2260 | D:3      | Identified the +5 spear of True Grit {heavy, Dex+2 SInv}
  2649 | D:4      | Noticed Pikel
  2649 | D:4      | Noticed a lemure
  2685 | D:3      | Killed a lemure
  2997 | D:4      | Noticed a lemure
  3004 | D:4      | Slain by an iguana

Illustrated notes

Levels and vault maps discovered:
D:1:      saegor_arrival_simple_e, layout_basic,
          shapermc_ecumenical_altar_totnotflames, serial_glass, glass_columns_a,
          glass_columns_a
D:2:      layout_basic, basic_altar, serial_shops, shop
D:3:      layout_loops_ring, minmay_misc_feat_room,
          hangedman_abyss_or_decor_lesser_grid
D:4:      black_bear_nest_2, layout_basic, kennysheep_little_box,
          hangedman_ru_absence, uniq_pikel

Skill      XL: |  1  2  3  4  5 |
---------------+----------------+-----
Invocations    | 1 |  1.7
Short Blades   | 1 |  1.5
Long Blades    | 1 |  1.5
Axes           | 1 |  1.5
Maces & Flails | 1 |  1.5
Polearms       | 1 |  1.5
Staves         | 1 |  1.5
Ranged Weapons | 1 |  1.5
Throwing       | 1 |  1.5
Shields        | 1 |  1.5
Unarmed Combat | 1 |  1.5
Spellcasting   | 1 |  1.5
Conjurations   | 1 |  1.2
Hexes          | 1 |  1.2
Summonings     | 1 |  1.2
Necromancy     | 1 |  1.2
Translocations | 1 |  1.2
Transmutations | 1 |  1.2
Fire Magic     | 1 |  1.2
Ice Magic      | 1 |  1.2
Air Magic      | 1 |  1.2
Earth Magic    | 1 |  1.2
Poison Magic   | 1 |  1.2
Shapeshifting  | 1 |  1.2
Fighting       | 3 |  3.0
Dodging        | 3 |  3.0
Armour         | |  4.8
Stealth        | |  2.8
Evocations     | |  6.7

Action                     |  1- 3 |  4- 6 || total
---------------------------+-------+-------++-------
  Melee: Club              |    86 |       ||    86
         Bite              |    20 |     9 ||    29
         Short sword       |    80 |    71 ||   151
         Punch             |     2 |     2 ||     4
         Spear             |       |    36 ||    36
  Evoke: Wand              |       |     8 ||     8
   Stab: Sleeping          |       |     2 ||     2
 Armour: Leather armour    |    56 |    28 ||    84
  Dodge: Dodged            |   145 |    65 ||   210

Table legend: (Time is in decaauts)
 A = Elapsed time spent in this place.
 B = Non-inter-level travel time spent in this place.
 C = Inter-level travel time spent in this place.
 D = Time resting spent in this place.
 E = Time spent auto-exploring this place.
 F = Levels seen in this place.
 G = Mean time per level.
                   A        B        C        D        E       F      G
               +--------+--------+--------+--------+--------+-----+--------+
         Total |   3040 |   2970 |     70 |    276 |   2049 |   4 |  760.0 |
       Dungeon |   3040 |   2970 |     70 |    276 |   2049 |   4 |  760.0 |
               +--------+--------+--------+--------+--------+-----+--------+

Top non-repeatable levels by time:
     D:3: 1198 daAuts
     D:1: 975 daAuts
     D:2: 742 daAuts
     D:4: 124 daAuts
